 Dungeon Sprint DCSS version 0.27-a0-1200-g94dc6ad4cf (webtiles) character file.

Game seed: 10897532707044186403

800000 Zeld the Slayer (level 13, -23/151 HPs)
             Began as a Minotaur Berserker on June 1, 2021.
             Was a Believer of Trog.
             Annihilated by a meat berserker
             ... wielding a +9 battleaxe
              (50 damage)
             ... in the Dungeon (Sprint VIII: "Arena of Blood").
             The game lasted 00:00:15 (8 turns).

Zeld the Slayer (Minotaur Berserker)                   Turns: 8, Time: 00:00:15

Health: -23/151    AC:  3    Str: 26    XL:     13   Next: 71%
Magic:  12/12      EV: 17    Int:  4    God:    Trog [**....]
Gold:   0          SH:  0    Dex: 11    Spells: 12/12 levels left

rFire    . . .     SeeInvis .   h - +∞ Axe of Woe
rCold    . . .     Faith    .   (shield currently unavailable)
rNeg     . . .     Spirit   .   a - +0 animal skin
rPois    .         Reflect  .   (helmet restricted)
rElec    .         Harm     .   (no cloak)
rCorr    .         Rampage  .   (no gloves)
Will     .....     NoTele   +   (no boots)
Stlth    +.........             (no amulet)
HPRegen  0.35/turn              (no ring)
MPRegen  0.13/turn              (no ring)

@: no status effects
A: horns 2, retaliatory headbutt
a: Renounce Religion, Berserk, Trog's Hand


You were in the Dungeon.
You worshipped Trog.
Trog was pleased with you.
You visited 1 branch

Inventory:

Hand Weapons
 h - the +∞ Axe of Woe (weapon)
   (You found it in the Dungeon)
Armour
 a - a +0 animal skin (worn)
Scrolls
 g - a scroll of blinking
Potions
 b - a potion of curing
 c - a potion of heal wounds
 d - a potion of haste
 e - 2 potions of magic
 f - a potion of berserk rage


   Skills:
 + Level 24.7 Fighting
 + Level 9.0 Axes
 + Level 15.0 Armour
 + Level 13.9 Dodging
 + Level 22.9 Unarmed Combat


You had 12 spell levels left.
You didn't know any spells.
Your spell library was empty.

Dungeon Overview and Level Annotations

Branches:
Dungeon (1/1)

Altars:
Makhleb


Innate Abilities, Weirdness & Mutations

You have a pair of horns on your head.
You reflexively headbutt those who attack you in melee.


Message History

Trog accepts your kill.
You can now call upon Trog for regeneration and willpower.
The bag of meat appears out of thin air!
A bag of meat comes into view. It is wielding a +9 war axe.
The bag of meat shouts!
You hear a shout! x7
A meat berserker comes into view. It is wielding a +9 battleaxe.
You hear a shout! x2
The bag of meat hits you with a +9 war axe!!
You hear a shout! x3
A meat berserker comes into view. It is wielding a +9 battleaxe.
The bag of meat hits you with a +9 war axe!!!
The bag of meat hits you with a +9 war axe!!
* * * LOW HITPOINT WARNING * * *
You hear a shout! x2
Your Fighting skill gained 4 levels and is now at level 24!
Your Axes skill gained 5 levels and is now at level 9!
Your Armour skill gained 3 levels and is now at level 15!
Your Dodging skill gained 2 levels and is now at level 13!
Your Unarmed Combat skill gained 4 levels and is now at level 22!
You have reached level 12!
Your experience leads to an increase in your attributes!
Increase (S)trength, (I)ntelligence, or (D)exterity?
You feel stronger.
You feel agile.
You have reached level 13!
Unknown command.
You are too injured to fight recklessly!
You slash the bag of meat! You chop the bag of meat into pieces.
You kill the bag of meat!
Trog accepts your kill.
You hit the bag of meat.
You cleave the bag of meat in twain.
You kill the bag of meat!
Trog accepts your kill.
You slash the bag of meat!
You slaughter the bag of meat joyfully.
You kill the bag of meat!
Trog accepts your kill.
You hear a shout! x9
A bag of meat comes into view. It is wielding a +9 war axe.
You hear a shout! x2
The meat berserker hits you with a +9 battleaxe!!!
You die...

.. .o #. .# #..
..# .###..
..###.
......###......
....._.....
#..o).# #_)@._#
#..O..#
....._.....
....o.###......
.###.. ..###.
#.. O.# #. .#
.. ..


You could see 2 meat berserkers and 3 bags of meat.

Vanquished Creatures
  An ogre (D)
  4 orcs (D)
5 creatures vanquished.

Notes
Turn   | Place    | Note
-------+----------+-------------------------------------------
     0 | D        | Found the +∞ Axe of Woe
     0 | D        | Zeld the Minotaur Berserker began the quest for the Orb.
     0 | D        | Reached XP level 1. HP: 19/19 MP: 0/0
     0 | D        | Noticed a bag of meat
     2 | D        | Noticed a bag of meat
     2 | D        | Noticed a bag of meat
     3 | D        | Noticed a bag of meat
     3 | D        | Noticed a meat berserker
     4 | D        | Killed a bag of meat
     4 | D        | Noticed a bag of meat
     5 | D        | Reached skill level 20 in Fighting
     5 | D        | Reached XP level 2. HP: 56/56 MP: 1/1
     5 | D        | Reached XP level 3. HP: 63/63 MP: 2/2
     5 | D        | Reached XP level 4. HP: 71/71 MP: 3/3
     5 | D        | Reached XP level 5. HP: 79/79 MP: 4/4
     5 | D        | Reached XP level 6. HP: 86/86 MP: 5/5
     5 | D        | Reached XP level 7. HP: 94/94 MP: 6/6
     5 | D        | Reached XP level 8. HP: 102/102 MP: 7/7
     5 | D        | Reached XP level 9. HP: 108/108 MP: 8/8
     5 | D        | Reached XP level 10. HP: 117/117 MP: 9/9
     5 | D        | Reached XP level 11. HP: 124/124 MP: 10/10
     5 | D        | Noticed a bag of meat
     7 | D        | Killed a meat berserker
     7 | D        | Reached ** piety under Trog
     7 | D        | Noticed a bag of meat
     7 | D        | Noticed a meat berserker
     7 | D        | Noticed a meat berserker
     8 | D        | Reached skill level 24 in Fighting
     8 | D        | Reached skill level 15 in Armour
     8 | D        | Reached XP level 12. HP: 25/145 MP: 11/11
     8 | D        | Reached XP level 13. HP: 26/151 MP: 12/12
     8 | D        | Killed a bag of meat
     8 | D        | Killed a bag of meat
     8 | D        | Killed a bag of meat
     8 | D        | Noticed a bag of meat
     8 | D        | Annihilated by a meat berserker

Illustrated notes

Levels and vault maps discovered:
D:        meatsprint

Skill      XL: |  1  2  3  4  5  6  7  8  9 10 11 |
---------------+----------------------------------+-----
Fighting       | 20 24 | 24.7
Axes           | 4 9 |  9.0
Armour         | 12 15 | 15.0
Dodging        | 11 13 | 13.9
Unarmed Combat | 18 22 | 22.9

Action                   |  1- 3 |  4- 6 |  7- 9 | 10-12 | 13-15 || total
-------------------------+-------+-------+-------+-------+-------++-------
Melee: Executioner's axe |     1 |       |       |     1 |     1 ||     3

Table legend: (Time is in decaauts)
 A = Elapsed time spent in this place.
 B = Non-inter-level travel time spent in this place.
 C = Inter-level travel time spent in this place.
 D = Time resting spent in this place.
 E = Time spent auto-exploring this place.
 F = Levels seen in this place.
 G = Mean time per level.
                   A        B        C        D        E       F      G
               +--------+--------+--------+--------+--------+-----+--------+
         Total |      9 |      9 |      0 |      0 |      0 |   1 |    9.0 |
       Dungeon |      9 |      9 |      0 |      0 |      0 |   1 |    9.0 |
               +--------+--------+--------+--------+--------+-----+--------+

Top non-repeatable levels by time:
       D: 9 daAuts
